Map: Lerilak Crest

Players

LiquidMaNa (MaNa) - Winner!

  • Race: Protoss Protoss
  • League: Grandmaster

PiLiPiLi

  • Race: Protoss Protoss
  • League: Platinum

Event: 2016 WCS Winter Circuit Championship

VOD

https://www.youtube.com/watch?v=nWQcxWonS-A

Description

MaNa and PiLiPiLi spawn in close positions on Lerilak Crest and both open with similar 2 Gate Adept builds. PiLiPiLi follows up with a Twilight Council and Blink while MaNa goes Robo. After trading Probe kills at the cost of their Adepts, PiLiPiLi puts down a forward pylon for some aggression, but MaNa find it and it is canceled.

PiLiPiLi starts his expansion first while poking at MaNa with a few Stalkers. Without fully saturating his natural and after getting up to 2 Immortals and a Warp Prism, MaNa pushes out and begins to siege the front of PiLiPiLi's base. A few Adepts get into PiLiPiLi's main, and when he split his army, MaNa goes uphill into the natural. Although a few Pylons do quite a bit of damage to MaNa's army, the Immortals do too much damage, and PiLiPiLi leaves soon after.

Time

  • Played on: March 2, 2016, 8:43 a.m.
  • Length: 8:15

All games in this series

Show
View Real Time Build Order
Export as new Build Order

LiquidMaNa Protoss - Winner!

Build Orders: Adept Opening, Immortal Stalker 

Get SALT Encoding   

  12  0:00  Probe (Chrono Boost)  
  13  0:11  Probe (Chrono Boost)  
  14  0:17  Pylon  
  14  0:22  Probe (Chrono Boost)  
  15  0:35  Gateway, Probe (Chrono Boost)  
  16  0:40  Assimilator  
  16  0:45  Probe (Chrono Boost)  
  17  0:56  Probe (Chrono Boost)  
  18  0:57  Assimilator  
  18  1:06  Probe (Chrono Boost)  
  18  1:10  Gateway  
  19  1:17  Probe (Chrono Boost)  
  20  1:23  Cybernetics Core  
  20  1:28  Probe (Chrono Boost)  
  21  1:34  Pylon  
  21  1:38  Probe (Chrono Boost)  
  22  1:49  Probe (Chrono Boost)  
  23  1:59  Warp Gate (Chrono Boost), Adept  
  23  2:00  Adept  
  27  2:02  Probe (Chrono Boost)  
  28  2:13  Pylon  
  29  2:17  Mothership Core (Chrono Boost)  
  30  2:31  Stalker (Chrono Boost)  
  30  2:34  Stalker (Chrono Boost)  
  35  2:37  Probe (Chrono Boost)  
  35  2:44  Pylon  
  35  2:49  Probe  
  36  3:04  Probe  
  37  3:12  Stalker (Chrono Boost)  
  38  3:15  Stalker (Chrono Boost)  
  38  3:16  Probe  
  37  3:27  Robotics Facility  
  37  3:28  Probe  
  38  3:50  Probe  
  38  3:57  Pylon, Stalker x2  
  40  4:15  Observer (Chrono Boost)  
  41  4:20  Adept, Sentry  
  41  4:21  Pylon  
  45  4:34  Immortal (Chrono Boost)  
  49  4:45  Nexus  
  47  5:02  Sentry  
  47  5:04  Adept  
  51  5:08  Immortal (Chrono Boost)  
  55  5:14  Pylon  
  55  5:25  Adept x2  
  59  5:31  Probe  
  62  5:43  Warp Prism (Chrono Boost)  
  62  5:50  Adept  
  62  5:55  Adept  
  66  6:01  Probe  
  66  6:03  Probe  
  68  6:12  Probe  
  68  6:15  Probe  
  70  6:23  Probe  
  69  6:27  Probe  
  69  6:32  Adept x2  
  72  6:33  Probe  
  72  6:39  Probe  
  68  6:44  Probe  
  63  6:51  Probe  
  63  6:52  Immortal (Chrono Boost)  
  68  6:54  Probe  
  68  7:00  Adept  
  67  7:07  Adept  
  67  7:26  Immortal (Chrono Boost)  
Show
View Real Time Build Order
Export as new Build Order

PiLiPiLi Protoss 

Build Orders: Adept Opening, Blink Stalkers 

Get SALT Encoding   

  12  0:00  Probe (Chrono Boost)  
  13  0:11  Probe (Chrono Boost)  
  14  0:17  Pylon  
  14  0:22  Probe (Chrono Boost)  
  15  0:36  Gateway, Probe (Chrono Boost)  
  16  0:46  Probe (Chrono Boost)  
  16  0:47  Assimilator  
  17  0:51  Assimilator  
  18  0:57  Probe (Chrono Boost)  
  18  1:03  Gateway  
  18  1:07  Probe (Chrono Boost)  
  19  1:18  Probe (Chrono Boost)  
  20  1:23  Cybernetics Core  
  20  1:28  Probe (Chrono Boost)  
  21  1:34  Pylon  
  21  1:39  Probe (Chrono Boost)  
  22  1:49  Probe (Chrono Boost)  
  23  2:00  Adept x2  
  28  2:03  Warp Gate (Chrono Boost)  
  27  2:12  Twilight Council  
  27  2:27  Stalker x2  
  31  2:41  Pylon  
  31  2:49  Blink (Chrono Boost)  
  30  2:52  Probe  
  22  3:30  Probe (Chrono Boost)  
  23  3:38  Gateway  
  23  3:41  Probe (Chrono Boost)  
  23  3:42  Pylon  
  24  3:53  Probe (Chrono Boost)  
  24  3:54  Stalker x2  
  29  4:03  Probe (Chrono Boost)  
  29  4:14  Probe (Chrono Boost)  
  30  4:17  Nexus  
  30  4:25  Mothership Core (Chrono Boost)  
  32  4:39  Stalker x2  
  32  4:43  Probe (Chrono Boost)  
  37  4:46  Stalker  
  39  4:59  Pylon  
  37  5:00  Probe (Chrono Boost)  
  38  5:12  Probe (Chrono Boost)  
  38  5:14  Robotics Facility  
  39  5:18  Sentry  
  41  5:22  Probe (Chrono Boost)  
  42  5:32  Probe (Chrono Boost)  
  42  5:33  Probe (Chrono Boost)  
  44  5:42  Probe (Chrono Boost)  
  45  5:43  Probe (Chrono Boost)  
  46  5:53  Probe (Chrono Boost)  
  47  5:58  Sentry x2  
  47  5:59  Stalker  
  47  6:01  Pylon  
  47  6:02  Probe (Chrono Boost)  
  47  6:04  Probe (Chrono Boost)  
  53  6:06  Pylon  
  53  6:13  Probe (Chrono Boost)  
  53  6:15  Assimilator  
  54  6:25  Stalker x3  
  49  6:49  Zealot x2  
  49  6:52  Pylon  
  53  6:54  Probe  
  53  6:55  Pylon  
  50  7:07  Zealot, Stalker x2  
Tags
 
Add a new tag
Caveats
  • Supply blocks, unpowered buildings, or Contaminate may cause inaccurate times.
  • Supply counts are checked every 10 seconds.